cohdb
Replays
Latest Replays
All Replays
Popular Replays
Top Player Replays
Match Explorer
How It Works
Community
CoH3 Stats
Reddit
Sign in to upload your games and track your stats! →
Sign in with Steam
Match 41475601
Unlisted
Match 41475601
Overview
Messages
Build Orders
End
Kradschützen Motorcycle Team
Panzerpioneer Squad
Panzerpioneer Squad
Panzerpioneer Squad
Construct Light Support Kompanie
Panzerjäger Squad
Fire Support Elements
Panzerpioneer Squad
Flakvierling Half-track
2.5-tonne Medical Truck
Selects Panzerjäger Kommand Battlegroup
Selects Tank Busters
Selects Mine Fields
Vehicle Survival Package
Veteran Squad Leaders
Panzerjäger Mechanized Group
Construct Panzerarmee Kommand
Selects Crew Shock Tactics
Nikname2303
Null
0
0
Comments
sign in to comment!
No comments posted yet!